[Event "Early-Titled-Tuesday-Blitz-August-29-2023"]
[Site "Chess.com"]
[Date "2023.08.29"]
[Round "1"]
[White "ViktoriyaTarasova"]
[Black "The_Machine04"]
[Result "1-0"]
[WhiteElo "2401"]
[BlackElo "2686"]
[TimeControl "180+1"]
[EndTime "8:07:06 PDT"]
[Termination "ViktoriyaTarasova won by checkmate"]

1. d4 d6 2. e4 Nf6 3. Nc3 e5 4.
Nf3 Nbd7 5. Bc4 Be7 6. O-O c6 7. a4 h6 8. h3 Qc7 9. Be3 Nf8 10.
Re1 g5 11. Nd2 Ng6 12. Nf1 g4 13. hxg4 Bxg4 14. f3 Be6 15. Bxe6 fxe6 16. dxe5 dxe5 17. a5 h5 18. Na4 h4 19. Nc5 Kf7 20. c3 Rag8 21.
Nxe6 Kxe6 22. Qb3+ Kd7 23. Red1+ Kc8 24. Bxa7 Nf4 25.
Ne3 h3 26. g4 h2+ 27. Kh1 c5 28. Nf5 Rh7 29. a6 b5 30. Bb6 Qxb6 31. a7 Kb7 32. Qxg8 Nxg8 33. a8=Q+ Kc7 34. Ra7+ Qxa7 35. Qxa7+ Kc6 36.
Qa8+ Kc7 37. Qxg8 Rh3 38. Nxe7 Rxf3 39. Qd8+ Kb7 40. Rd7+ Ka6 41. Qa8+ Kb6 42. Rb7# 1-0

[Event "Early-Titled-Tuesday-Blitz-August-29-2023"]
[Site "Chess.com"]
[Date "2023.08.29"]
[Round "1"]
[White "GMForgacs"]
[Black "A-Fier"]
[Result "0-1"]
[WhiteElo "2427"]
[BlackElo "2804"]
[TimeControl "180+1"]
[EndTime "8:07:07 PDT"]
[Termination "A-Fier won by resignation"]

1. e4 Nf6 2. e5 Nd5 3. d4 d6 4. Nf3 g6 5. Bc4 Nb6 6. Bb3 Bg7 7. O-O O-O 8. c3 Bg4 9. exd6 cxd6 10. h3 Bxf3 11.
Qxf3 Nc6 12. Bg5 d5 13. Re1 Qd7 14. Nd2 e6 15. Bf6 Nc8 16. Bxg7 Kxg7 17. Re2 Nd6 18.
Rae1 Qd8 19. Bc2 Qf6 20. Qg3 b5 21. Nf3 Nf5 22. Bxf5 Qxf5 23. Ne5 Nxe5 24. Qxe5+ Qxe5 25. dxe5 a5 26. f4 b4 27. cxb4 axb4 28. b3 Rfc8 29. Kf2 Rc3 30. Rd2 h6 31. h4 g5 32. hxg5 hxg5 33.
g3 Kg6 34. Re3 gxf4 35. gxf4 Kf5 36. Kf3 Rh8 37. Rxc3 bxc3 38. Rc2 Rh3+ 39. Kg2 Rd3 40. Kf2 d4 41. a4 Rd1 42. Ke2 Rb1 43. Kd3 Rxb3 44.
Kxd4 Rb4+ 45. Kxc3 Rxa4 46. Re2 Rxf4 47. Kd3 Rf3+ 48.
Kd4 Kf4 49. Re4+ Kf5 50. Re2 Rf1 51. Kc5 Rd1 52. Kc6 Rd5 53. Rf2+ Kxe5 54. Rxf7 Rd4 55. Rf1 Ke4 56. Re1+ Kf5 57. Kc5 e5 58. Rh1 Ra4 59.
Rh5+ Kf6 60. Kd5 Rd4+ 61. Kc5 Rd8 62. Kc4 e4 63. Kc3 Ke6 64. Kc2 Rd3 65. Rh8 Ke5 66. Rf8 Kd4 67. Rd8+ Ke3 68. Rh8 Rd7 69. Rh3+ Kf2 70.
Rh2+ Kg3 71. Re2 Kf3 72. Rh2 e3 73. Rh6 e2 74. Rf6+ Kg2 75. Rg6+ Kf2 76. Rf6+ Ke1 77.
Kc1 Rc7+ 78. Kb2 Rc5 79. Rf8 Kd2 80. Rd8+ Ke3 81. Re8+ Kd3 82. Rd8+ Ke4 83. Rd1 exd1=Q 0-1

[Event "Early-Titled-Tuesday-Blitz-August-29-2023"]
[Site "Chess.com"]
[Date "2023.08.29"]
[Round "1"]
[White "DanielNaroditsky"]
[Black "Alphafischer2019"]
[Result "1-0"]
[WhiteElo "3154"]
[BlackElo "2533"]
[TimeControl "180+1"]
[EndTime "8:07:09 PDT"]
[Termination "DanielNaroditsky won by checkmate"]

1. d4 e6 2. Nc3 d5 3. Bf4 Bb4 4.
e3 c5 5. dxc5 Qa5 6. Ne2 Bxc5 7.
a3 Be7 8. Nd4 a6 9. Bd3 Nf6 10.
O-O Nbd7 11. Nf3 O-O 12. b4 Qb6 13. e4 dxe4 14. Nxe4 Nxe4 15. Bxe4 Nf6 16. Bd3 Bd7 17. Ne5 Ba4 18. Qe2 Rfd8 19. Rfe1 Rac8 20. c4 Be8 21. c5 Qa7 22. Rac1 h6 23. h3 Nd5 24. Bg3 Bg5 25.
Rc4 Bb5 26. Nxf7 Bxc4 27. Nxd8 Nc3 28. Qg4 Rxd8 29. Bxc4 Kh8 30. Qxe6 Bf6 31. Bc7 Rf8 32. Bd6 Rd8 33. h4 Qa8 34. h5 Rf8 35. Bxf8 Qxf8 36. Qe8 Qxe8 37. Rxe8+ Kh7 38. Bg8+ Kh8 39. Bf7+ Kh7 40.
Bg6# 1-0

[Event "Early-Titled-Tuesday-Blitz-August-29-2023"]
[Site "Chess.com"]
[Date "2023.08.29"]
[Round "1"]
[White "workhard91"]
[Black "TanitoluwaAps116"]
[Result "0-1"]
[WhiteElo "2415"]
[BlackElo "2761"]
[TimeControl "180+1"]
[EndTime "8:07:09 PDT"]
[Termination "TanitoluwaAps116 won on time"]

1. e4 c5 2. Nf3 Nc6 3. Bb5 g6 4.
Bxc6 bxc6 5. O-O Bg7 6. Re1 Qc7 7. h3 Nf6 8. e5 Nd5 9. d3 O-O 10. Na3 d6 11. Nc4 Ba6 12. exd6 exd6 13. c3 Rae8 14. Bg5 h6 15. Bh4 Rxe1+ 16. Qxe1 Nf4 17. Qd2 d5 18. Bg3 g5 19. Ne3 Qd7 20. Bxf4 gxf4 21. Nc2 Qf5 22. d4 Bd3 23. Nce1 Be4 24. dxc5 Qg6 25. Rc1 h5 26. Kh2 Re8 27. Nd4 f3 28. Nexf3 Bh6 29. Qd1 Bf4+ 30. Kg1 Bxf3 31. Nxf3 Bxc1 32. Qxc1 Re4 33.
Nd4 Kh7 34. f3 Re8 35. Qf4 Re1+ 36. Kh2 Re7 37. h4 a5 38. Nf5 Re6 39. Ng3 Rf6 0-1

[Event "Early-Titled-Tuesday-Blitz-August-29-2023"]
[Site "Chess.com"]
[Date "2023.08.29"]
[Round "1"]
[White "Daniel_Salinas"]
[Black "Vsevolod_Ovchinnikov"]
[Result "1-0"]
[WhiteElo "2297"]
[BlackElo "2601"]
[TimeControl "180+1"]
[EndTime "8:07:09 PDT"]
[Termination "Daniel_Salinas won by resignation"]

1. d4 Nf6 2. c4 g6 3. g3 d5 4.
cxd5 Nxd5 5. Bg2 Bg7 6. e4 Nb6 7. Ne2 c5 8. d5 e6 9. O-O exd5 10. exd5 O-O 11. a4 Nc4 12. Nec3 Nd6 13. Na3 a6 14. Bf4 Re8 15. Qd2 Bf5 16. Rfe1 Bf8 17. Rxe8 Qxe8 18.
Re1 Qd8 19. Bxd6 Bxd6 20. Nc4 Bf8 21. h3 h5 22. Qf4 Nd7 23. d6 Ra7 24. Nd5 Be6 25. Nc7 Bxc4 26. Qxc4 Qf6 27. Bd5 b5 28. axb5 axb5 29. Nxb5 Rb7 30. Bxb7 h4 31. Qf4 Qxb2 32.
Bd5 Nf6 33. d7 hxg3 34. d8=Q gxf2+ 35. Qxf2 Qxf2+ 36. Kxf2 Nxd5 37. Qxd5 1-0

[Event "Early-Titled-Tuesday-Blitz-August-29-2023"]
[Site "Chess.com"]
[Date "2023.08.29"]
[Round "1"]
[White "Vesper2018"]
[Black "cottage_cheese"]
[Result "1/2-1/2"]
[WhiteElo "2608"]
[BlackElo "2295"]
[TimeControl "180+1"]
[EndTime "8:07:09 PDT"]
[Termination "Game drawn by repetition"]

1. e4 e5 2. Nf3 Nc6 3. Bb5 a6 4. Ba4 Nf6 5. O-O b5 6. Bb3 Be7 7. Re1 O-O 8. a4 b4 9. d3 d6 10. Nbd2 Na5 11. Ba2 c5 12. c3 Rb8 13. Nf1 Bd7 14. Ne3 Qe8 15. Nd5 Bd8 16. Nxf6+ Bxf6 17. Bd5 bxc3 18. bxc3 Be6 19. Bg5 Bxg5 20. Nxg5 Bxd5 21. exd5 Qd8 22. Nf3 Qd7 23. Nd2 Qb7 24. c4 Qd7 25. Qc2 Rb4 26. Ne4 Rfb8 27. Nc3 Nb3 28. Ra2 Nd4 29.
Qd1 Rb2 30. Rxb2 Rxb2 31. Ne4 f5 32. Nc3 Rc2 33. Ne2 Rxe2 34. Rxe2 Nxe2+ 35. Qxe2 Qxa4 36. h4 Qa1+ 37. Kh2 a5 38. Qh5 h6 39. Qxf5 Qd4 40.
Qe6+ Kh7 41. Qf5+ Kg8 42. Qe6+ Kh7 43. Qf5+ Kg8 1/2-1/2

[Event "Early-Titled-Tuesday-Blitz-August-29-2023"]
[Site "Chess.com"]
[Date "2023.08.29"]
[Round "1"]
[White "MusicCityMaster"]
[Black "Rakhmanov_Aleksandr"]
[Result "0-1"]
[WhiteElo "2435"]
[BlackElo "2812"]
[TimeControl "180+1"]
[EndTime "8:07:12 PDT"]
[Termination "Rakhmanov_Aleksandr won by resignation"]

1. e4 c5 2. Nf3 Nf6 3. e5 Nd5 4. b3 g6 5. Bb2 Bg7 6. c4 Nc7 7. Nc3 Nc6 8. Nd5 O-O 9. Be2 Ne6 10. h4 d6 11. h5 dxe5 12. hxg6 hxg6 13. d3 Ned4 14. Qd2 e6 15. Ne3 e4 16. Nxd4 cxd4 17.
Ng4 e3 18. fxe3 Qg5 19. exd4 Qxd2+ 20. Kxd2 Bxd4 21. Nf6+ Kg7 22. Raf1 Rh8 23. Rxh8 Kxh8 24. Bxd4 Nxd4 25. Ne4 f5 26. Nc5 b6 27. Na4 Kg7 28.
Nc3 Bb7 29. g3 Rh8 30. Rf2 e5 31. a4 a5 32. Nb5 Nxb3+ 33. Kc3 Nc5 34. Nd6 Bc6 35.
d4 Nxa4+ 36. Kd3 exd4 37. Kxd4 Nc5 38. Bf3 Bxf3 39. Rxf3 Rd8 40. Kd5 Ne4 41. c5 bxc5 0-1

[Event "Early-Titled-Tuesday-Blitz-August-29-2023"]
[Site "Chess.com"]
[Date "2023.08.29"]
[Round "1"]
[White "Cayse"]
[Black "kuanysh1981"]
[Result "1-0"]
[WhiteElo "2909"]
[BlackElo "2482"]
[TimeControl "180+1"]
[EndTime "8:07:13 PDT"]
[Termination "Cayse won by checkmate"]

1. e4 e5 2. Nf3 Nc6 3. Nc3 d6 4. d4 exd4 5. Nxd4 Nf6 6. Be2 Be7 7. Be3 O-O 8. Qd2 Nxd4 9. Bxd4 Be6 10. f4 a6 11. a4 b5 12. Bf3 Rb8 13. axb5 axb5 14. O-O b4 15. Nd5 Bxd5 16. exd5 Nd7 17. Ra4 b3 18. c3 Bf6 19. Bf2 Re8 20. Rfa1 Nb6 21. Rb4 Nd7 22. Rc4 Nc5 23. Bxc5 dxc5 24. Rxc5 Qe7 25. Rc6 g6 26. h3 Bg7 27. Kh2 Bh6 28.
Ra4 Qe3 29. Qxe3 Rxe3 30. Rxc7 Rd3 31. Kg3 Rd2 32. Raa7 Rxb2 33. Rxf7 Rc2 34. Rfb7 Rxb7 35. Rxb7 Rxc3 36. d6 Bf8 37. d7 Rd3 38. Kf2 b2 39.
Bg4 Ba3 40. Be6+ Kf8 41. Ke2 Rd6 42. Ba2 Ke7 43. Rb3 Bc5 44. Rxb2 Rxd7 45. Rb5 Bd6 46. Kf3 Ra7 47. Bb3 Ra3 48. Rb7+ Kf6 49. Rf7# 1-0

[Event "Early-Titled-Tuesday-Blitz-August-29-2023"]
[Site "Chess.com"]
[Date "2023.08.29"]
[Round "1"]
[White "Biregina"]
[Black "Alexander_Moskalenko"]
[Result "1-0"]
[WhiteElo "2465"]
[BlackElo "2845"]
[TimeControl "180+1"]
[EndTime "8:07:13 PDT"]
[Termination "Biregina won on time"]

1. d4 Nf6 2. Bf4 g6 3. c4 c5 4. d5 b5 5. cxb5 a6 6. bxa6 Bxa6 7. Nc3 d6 8. e4 Bxf1 9. Kxf1 Bg7 10. Nge2 Qc8 11.
h3 O-O 12. Qd2 Nbd7 13. g3 Nh5 14. Bh6 Bxh6 15. Qxh6 Ne5 16. Kg2 Qa6 17. Qd2 Rfb8 18. b3 c4 19. Rab1 Nf6 20. Rhd1 Rb7 21. f4 Nd3 22. bxc4 Rxb1 23. Nxb1 Nc5 24. Nbc3 Qxc4 25. Qd4 Qa6 26. Rd2 Rb8 27. e5 Nfd7 28. e6 Nf6 29. exf7+ Kxf7 30. Qe3 Rb4 31. Rd4 Rxd4 32. Nxd4 Qa3 33.
Ne6 1-0

[Event "Early-Titled-Tuesday-Blitz-August-29-2023"]
[Site "Chess.com"]
[Date "2023.08.29"]
[Round "1"]
[White "ElenaPershina"]
[Black "Fighterman91"]
[Result "0-1"]
[WhiteElo "2408"]
[BlackElo "2733"]
[TimeControl "180+1"]
[EndTime "8:07:14 PDT"]
[Termination "Fighterman91 won by resignation"]

1. c4 e5 2. Nc3 Bb4 3. g3 Bxc3 4. dxc3 Nc6 5. e4 d6 6. Bd3 Nge7 7.
Ne2 O-O 8. Be3 f5 9. Qc2 fxe4 10.
Bxe4 Bf5 11. O-O-O Qe8 12. Rhe1 Qg6 13. Bxf5 Nxf5 14.
Bd2 Rae8 15. f3 Qf7 16. b3 a6 17. Kb2 b5 18. cxb5 axb5 19. Qe4 d5 20. Qg4 Nd6 21. Bh6 Kh8 22. Bc1 b4 23. cxb4 d4 24. f4 e4 25.
Nxd4 Nxb4 26. Kb1 c5 27. Ne2 Nd3 28. Nc3 c4 29. Bb2 cxb3 30. Rxd3 bxa2+ 31. Nxa2 exd3 32. Rd1 Nc4 33. Rxd3 Rb8 0-1

[Event "Early-Titled-Tuesday-Blitz-August-29-2023"]
[Site "Chess.com"]
[Date "2023.08.29"]
[Round "1"]
[White "C_K_G"]
[Black "koncheto"]
[Result "1-0"]
[WhiteElo "1993"]
[BlackElo "2526"]
[TimeControl "180+1"]
[EndTime "8:07:14 PDT"]
[Termination "C_K_G won by resignation"]

1. e4 c5 2. Nf3 d6 3. d4 cxd4 4. Nxd4 Nf6 5. Nc3 Nc6 6. Be2 g6 7. Be3 Bg7 8. O-O Bd7 9. f4 a6 10. e5 dxe5 11. Nxc6 Bxc6 12. fxe5 Nd5 13. Bd4 O-O 14.
Bf3 Nxc3 15. Bxc3 Qb6+ 16. Kh1 Rad8 17. Qe1 Bxf3 18. Rxf3 Qc6 19. Qe2 Rd5 20. Raf1 Qe6 21. Re3 Rfd8 22. Qf3 h5 23. h3 Bh6 24. Re4 Bd2 25.
Bxd2 Rxd2 26. Re2 Rxe2 27. Qxe2 Qxa2 28. b3 e6 29. Qf3 Rd7 30. Qc3 Qa3 31. Qc8+ Kg7 32.
Qxd7 Qf8 33. Qd4 a5 34. Qf4 Qe8 35. Qf6+ Kg8 36. Rd1 Kh7 37. Rd8 1-0

[Event "Early-Titled-Tuesday-Blitz-August-29-2023"]
[Site "Chess.com"]
[Date "2023.08.29"]
[Round "1"]
[White "Aswathchess"]
[Black "vladislavkovalev"]
[Result "0-1"]
[WhiteElo "2480"]
[BlackElo "2904"]
[TimeControl "180+1"]
[EndTime "8:07:15 PDT"]
[Termination "vladislavkovalev won by resignation"]

1. e4 e5 2. Nf3 Nc6 3. Bc4 Nf6 4. d3 Be7 5. O-O d6 6. a4 O-O 7. h3 Kh8 8. Ng5 Qe8 9. c3 h6 10. Nf3 Nh7 11. Nbd2 f5 12. exf5 Bxf5 13. Ne4 Qg6 14. Ng3 Bd7 15. a5 a6 16. Qb3 Rab8 17. Qd1 Nf6 18. Nh4 Qh7 19. d4 e4 20. Bb3 g5 21. d5 Ne5 22. f4 gxh4 23. fxe5 hxg3 24.
exf6 Bxf6 25. Bf4 Qg6 26. Qe2 Rbe8 27. Qe3 Be5 28. Bxh6 Rf2 29. Rxf2 gxf2+ 30. Kxf2 Rg8 31. g4 Kh7 32. g5 Qf5+ 33. Ke2 Bf4 34. Qf2 Bb5+ 35.
c4 Qe5 36. Kd1 Be8 37. Bc2 Bh5+ 38. Ke1 Bg3 0-1

[Event "Early-Titled-Tuesday-Blitz-August-29-2023"]
[Site "Chess.com"]
[Date "2023.08.29"]
[Round "1"]
[White "Mikedannnn"]
[Black "mikerahal"]
[Result "1/2-1/2"]
[WhiteElo "2591"]
[BlackElo "2260"]
[TimeControl "180+1"]
[EndTime "8:07:17 PDT"]
[Termination "Game drawn by repetition"]

1. e4 e6 2. d4 d5 3. Nc3 Bb4 4. e5 Ne7 5. a3 Bxc3+ 6. bxc3 c5 7. Qg4 Qc7 8. Qxg7 Rg8 9. Qxh7 cxd4 10. Ne2 Nbc6 11. f4 dxc3 12. Qd3 d4 13. Ng3 Bd7 14. Ne4 O-O-O 15. Nd6+ Kb8 16. Rb1 Bc8 17. g3 f6 18.
Nb5 Qa5 19. exf6 Nd5 20. Bg2 a6 21. Nxd4 Nxd4 22. Qxd4 Nc7 23. Qe5 Qa4 24. Be3 Qxc2 25. O-O Qd3 26. Qc5 Nb5 27. a4 c2 28. Rbc1 Nd4 29. Rfe1 Ne2+ 30. Rxe2 Qxe2 31. Bf1 Rd1 32. Qa7+ Kc7 33. Qc5+ Kb8 34. Qa7+ Kc7 35. Qc5+ Kb8 1/2-1/2

[Event "Early-Titled-Tuesday-Blitz-August-29-2023"]
[Site "Chess.com"]
[Date "2023.08.29"]
[Round "1"]
[White "AlejandroArias"]
[Black "Semetey"]
[Result "0-1"]
[WhiteElo "2293"]
[BlackElo "2624"]
[TimeControl "180+1"]
[EndTime "8:07:19 PDT"]
[Termination "Semetey won on time"]

1. e4 e5 2. Nf3 Nc6 3. Bb5 a6 4. Bxc6 dxc6 5. Nc3 f6 6. d4 exd4 7. Nxd4 c5 8. Nde2 Qxd1+ 9. Nxd1 Be6 10. Bf4 O-O-O 11.
Ne3 Ne7 12. h4 h5 13. Bg3 Bf7 14. f3 Nc6 15. Nf4 c4 16. c3 Ne5 17. Ke2 Bc5 18.
Rad1 c6 19. Nf5 g6 20. Ne3 b5 21. Rxd8+ Rxd8 22. Rd1 Nd3 23. Rd2 Nc1+ 24. Kd1 Bxe3 25. Rxd8+ Kxd8 26. Ne2 Nxe2 27. Kxe2 Bc1 28. Bd6 Kd7 29. Bc5 Bf4 30. Ba3 Bg3 31. Bc5 Bxh4 32. f4 Bg3 33. Kf3 h4 34. Kg4 Be6+ 35. Kf3 f5 36. e5 Bd5+ 37. Ke2 Bxg2 0-1

[Event "Early-Titled-Tuesday-Blitz-August-29-2023"]
[Site "Chess.com"]
[Date "2023.08.29"]
[Round "1"]
[White "BlitzWizard04"]
[Black "Fraler15"]
[Result "1-0"]
[WhiteElo "2603"]
[BlackElo "2237"]
[TimeControl "180+1"]
[EndTime "8:07:19 PDT"]
[Termination "BlitzWizard04 won on time"]

1. e4 c5 2. Nf3 e6 3. d4 cxd4 4. Nxd4 Nc6 5. Nc3 Qc7 6. g3 a6 7.
Bg2 Nf6 8. O-O Nxd4 9. Qxd4 Bc5 10. Bf4 d6 11. Qd2 h6 12. Rad1 e5 13. Be3 Bb4 14. Nb5 axb5 15. Qxb4 Rxa2 16. Rxd6 Rxb2 17. Qxb2 Qxd6 18. Qxb5+ Nd7 19. f4 O-O 20. fxe5 Qxe5 21. Qc4 Nf6 22. Bd4 Be6 23. Qc3 Qb5 24. Bxf6 Rc8 25.
Qd2 gxf6 26. Qxh6 Rxc2 27. Qxf6 Qe2 28. Qf3 Qc4 29. Qe3 Qa2 30. Qg5+ Kf8 31. Qd8+ Kg7 32. Qf6+ Kg8 33. Rf2 Rc1+ 34. Bf1 Qb1 35. Qd8+ Kg7 36.
Qd4+ Kg8 37. h4 Bh3 38. Qd8+ Kg7 39. Qg5+ Kh8 40. Qf6+ 1-0

[Event "Early-Titled-Tuesday-Blitz-August-29-2023"]
[Site "Chess.com"]
[Date "2023.08.29"]
[Round "1"]
[White "topin8"]
[Black "tptagain"]
[Result "0-1"]
[WhiteElo "2463"]
[BlackElo "2879"]
[TimeControl "180+1"]
[EndTime "8:07:20 PDT"]
[Termination "tptagain won on time"]

1. e4 c6 2. Nf3 d5 3. Nc3 Bg4 4.
h3 Bxf3 5. Qxf3 e6 6. d4 Nf6 7. Bd3 dxe4 8. Nxe4 Qxd4 9. Be3 Bb4+ 10. Ke2 Qe5 11.
Bf4 Qd5 12. Rhd1 Nbd7 13. c3 Be7 14. Nd6+ Bxd6 15. Qxd5 cxd5 16. Bxd6 Rc8 17. a4 a6 18. f3 Rc6 19. Ba3 Ne5 20. Rac1 Nxd3 21. Rxd3 Nd7 22. b3 Ne5 23. Re3 Ng6 24. g3 Kd7 25. f4 Ne7 26.
Rd3 b5 27. axb5 axb5 28. Bb2 Ra8 29. Ra1 Rxa1 30. Bxa1 g6 31. Bb2 Nc8 32. Kf3 Nd6 33. Ba3 Ra6 34. Bb2 Ra2 35. Rd2 Ne4 36. Re2 h5 37.
Rg2 f5 38. Rc2 Kc6 39. c4 dxc4 40. bxc4 b4 41. Re2 b3 42. Bd4 Ra4 0-1

[Event "Early-Titled-Tuesday-Blitz-August-29-2023"]
[Site "Chess.com"]
[Date "2023.08.29"]
[Round "1"]
[White "druskacik"]
[Black "smilingice"]
[Result "1-0"]
[WhiteElo "2703"]
[BlackElo "2381"]
[TimeControl "180+1"]
[EndTime "8:07:20 PDT"]
[Termination "druskacik won on time"]

1. c4 Nf6 2. g3 g6 3. Bg2 Bg7 4. Nc3 d6 5. e4 e5 6. Nge2 O-O 7. d3 Nc6 8. O-O a5 9. h3 Re8 10. Be3 Nd7 11. d4 exd4 12. Nxd4 Nde5 13. Nxc6 bxc6 14.
c5 Nc4 15. Qe2 Ba6 16. Rfd1 Rb8 17. Na4 Nxb2 18. Qxa6 Nxa4 19. Rac1 Nc3 20. Rd2 Nxe4 21. Bxe4 Rxe4 22. Qxc6 Rxe3 23. cxd6 cxd6 24. fxe3 Qg5 25. Qxd6 Qxe3+ 26. Kh1 Be5 27. Qd3 Qb6 28. Rf1 Re8 29. Qf3 f6 30. Re2 Rf8 31. Kg2 1-0

[Event "Early-Titled-Tuesday-Blitz-August-29-2023"]
[Site "Chess.com"]
[Date "2023.08.29"]
[Round "1"]
[White "Actuary44"]
[Black "GrigorGrigorov"]
[Result "1-0"]
[WhiteElo "2474"]
[BlackElo "2852"]
[TimeControl "180+1"]
[EndTime "8:07:22 PDT"]
[Termination "Actuary44 won on time"]

1. e4 c6 2. d4 d5 3. Nc3 dxe4 4.
Nxe4 Nf6 5. Ng3 h5 6. h4 Bg4 7.
Be2 Bxe2 8. N1xe2 g6 9. Bg5 Bg7 10. Qd2 Nbd7 11. O-O-O Qb6 12. Qe3 e6 13. Ne4 Nxe4 14.
Qxe4 Nf6 15. Qe5 Qd8 16. Nf4 O-O 17. Qe2 Qa5 18. Kb1 Qf5 19. f3 Rfe8 20. Nd3 Qb5 21. g4 Nd5 22. Qd2 Bxd4 23. c4 Qxc4 24. gxh5 a5 25.
hxg6 f6 26. Nc1 c5 27. Bf4 Ra6 28. Nb3 Bxb2 29. Kxb2 a4 30. Na5 Rb6+ 31. Ka1 Qxf4 32. Qxf4 Nxf4 33. h5 Nd5 34. Nc4 Rb4 35. Nd6 Rd8 36.
h6 1-0

[Event "Early-Titled-Tuesday-Blitz-August-29-2023"]
[Site "Chess.com"]
[Date "2023.08.29"]
[Round "1"]
[White "krzyzan94"]
[Black "falzehope0"]
[Result "1-0"]
[WhiteElo "2747"]
[BlackElo "2410"]
[TimeControl "180+1"]
[EndTime "8:07:22 PDT"]
[Termination "krzyzan94 won by resignation"]

1. e4 e6 2. d4 d5 3. Nc3 f5 4. exd5 exd5 5. Nf3 Nf6 6. Bg5 Be7 7. Bd3 O-O 8. O-O c6 9. Ne5 Ne4 10. Bxe7 Qxe7 11.
f3 Nf6 12. Re1 Qb4 13. Ne2 Qxb2 14. c3 Qa3 15. Qd2 Nbd7 16. Ng3 Nxe5 17. dxe5 Ne8 18. e6 g6 19. Re2 Ng7 20. e7 Re8 21. Rae1 Bd7 22. h4 Qd6 23. Re5 Rac8 24. Qg5 Kf7 25. Qh6 Qf6 26. f4 Rh8 27. c4 Qd6 28. cxd5 cxd5 29. Kh2 Be8 30. Bxf5 Rc3 31. h5 Rxg3 32. Kxg3 Nxh5+ 33. Kh2 Qf6 34. Be6+ Kxe7 35. Bg4+ Kd8 36. Bxh5 Qh4+ 37. Kg1 Qxh5 38. Rxh5 gxh5 39. Qf6+ Kc8 40. Qxh8 Kd7 41. Qxe8+ Kd6 42. Qe5+ Kc5 43. Rc1+ Kb6 44. Qd6+ Ka5 45. a3 b5 46. Rc6 1-0

[Event "Early-Titled-Tuesday-Blitz-August-29-2023"]
[Site "Chess.com"]
[Date "2023.08.29"]
[Round "1"]
[White "Grossboss19"]
[Black "Mr_November18"]
[Result "0-1"]
[WhiteElo "2520"]
[BlackElo "1897"]
[TimeControl "180+1"]
[EndTime "8:07:22 PDT"]
[Termination "Mr_November18 won by checkmate"]

1. c4 Nf6 2. e3 g6 3. Nc3 Bg7 4. d4 O-O 5. b3 d6 6. Bb2 Re8 7. Bd3 Nc6 8. Nge2 e5 9. O-O exd4 10. exd4 Bg4 11. h3 Bd7 12. Rc1 Nb4 13. Bb1 a5 14. Re1 c6 15. a3 Na6 16. Ng3 d5 17. cxd5 Nxd5 18. Nxd5 cxd5 19. Nf1 Rc8 20. Ne3 Be6 21. Bd3 Nb8 22. Rxc8 Qxc8 23. Qd2 Nc6 24. Bb5 Qd8 25. Rc1 Re7 26. Bxc6 bxc6 27. Rxc6 Rb7 28. Qc2 Qb8 29.
Nxd5 Rxb3 30. Bc1 Bxd4 31. Nf4 Bf5 32. Qc4 Bg7 33. Nd5 Be6 34. Qc5 Rb5 35. Ne7+ Kh8 36. Qc2 Re5 37. Be3 Bf6 38. Nc8 Kg7 39. Nb6 Rb5 40. g3 Bxh3 41. Qc4 Rb1+ 42. Kh2 Be6 43.
Qe4 Rb3 44. a4 Qd8 45. Qf4 Qd1 46. Qh6+ Kg8 47. Qf4 Qh5+ 48. Kg2 Rb1 49. g4 Qh1+ 50. Kg3 Rg1# 0-1

[Event "Early-Titled-Tuesday-Blitz-August-29-2023"]
[Site "Chess.com"]
[Date "2023.08.29"]
[Round "1"]
[White "cristiano78"]
[Black "IljaZaragatski"]
[Result "0-1"]
[WhiteElo "2235"]
[BlackElo "2604"]
[TimeControl "180+1"]
[EndTime "8:07:23 PDT"]
[Termination "IljaZaragatski won by checkmate"]

1. d4 d5 2. c4 dxc4 3. Nf3 Nf6 4.
e3 e6 5. Bxc4 c5 6. O-O Nc6 7.
Nc3 a6 8. a4 Qc7 9. dxc5 Bxc5 10. Qe2 O-O 11. b3 b6 12. Bb2 Bb7 13. Rac1 Rac8 14.
Rfd1 Qb8 15. Bxa6 Na5 16. Bxb7 Qxb7 17. Qb5 Be7 18. Ne2 Nd5 19. Bd4 Ba3 20. Rxc8 Rxc8 21.
e4 Nf6 22. Bxb6 Nc6 23. Ng3 h5 24. a5 Nb4 25. Qa4 Nc2 26. Nd4 Be7 27. Nxc2 Rxc2 28. Be3 h4 29. Nf1 h3 30. g3 Nxe4 31. f3 Nc3 32. Qe8+ Kh7 33. Qxf7 Nxd1 34. Qh5+ Kg8 35.
Qe8+ Bf8 36. Qxe6+ Qf7 37. Qxf7+ Kxf7 38. Bf4 Rg2+ 39.
Kh1 Nf2# 0-1

[Event "Early-Titled-Tuesday-Blitz-August-29-2023"]
[Site "Chess.com"]
[Date "2023.08.29"]
[Round "1"]
[White "ChessicallyInclined"]
[Black "alturas_pacificas"]
[Result "1-0"]
[WhiteElo "2719"]
[BlackElo "2403"]
[TimeControl "180+1"]
[EndTime "8:07:24 PDT"]
[Termination "ChessicallyInclined won by resignation"]

1. d4 d5 2. c4 c6 3. Nc3 Nf6 4. e3 Bf5 5. cxd5 cxd5 6. Qb3 Bc8 7. Nf3 e6 8. Bd3 Be7 9. O-O O-O 10. Bd2 Nc6 11.
Rfc1 Qb6 12. Qxb6 axb6 13. Bb5 Bd7 14. Na4 Nxd4 15. Nxd4 Bxb5 16. Nxb6 Ra6 17. Nc8 Rxc8 18. Rxc8+ Be8 19. Rb8 Rb6 20. b3 Bd6 21. Ra8 Kf8 22. Ba5 Ra6 23. Rxa6 bxa6 24. Rc1 Ke7 25. Rc8 Bd7 26.
Ra8 e5 27. Nc2 Bb5 28. Bb4 Ne4 29. Bxd6+ Kxd6 30. Nb4 Nc3 31. a4 Be2 32. Rc8 d4 33. exd4 exd4 34. f3 g5 35. Nc2 d3 36. Rxc3 d2 37.
Ne3 Ke5 38. Kf2 Kd4 39. Rc8 d1=Q 40. Nxd1 Bxd1 41. Rd8+ Kc3 42. Rxd1 Kxb3 43. Rd6 Kxa4 44. Rxa6+ 1-0

[Event "Early-Titled-Tuesday-Blitz-August-29-2023"]
[Site "Chess.com"]
[Date "2023.08.29"]
[Round "1"]
[White "AnaKuchava"]
[Black "ozates"]
[Result "1/2-1/2"]
[WhiteElo "2193"]
[BlackElo "2572"]
[TimeControl "180+1"]
[EndTime "8:07:24 PDT"]
[Termination "Game drawn by stalemate"]

1. d4 Nf6 2. Nf3 e6 3. c4 d5 4. Nc3 c5 5. cxd5 Nxd5 6. e4 Nxc3 7. bxc3 cxd4 8. cxd4 Bb4+ 9. Bd2 Bxd2+ 10. Qxd2 O-O 11. Be2 Nd7 12. O-O b6 13. d5 Nc5 14. Qd4 Bb7 15. Rfd1 Qd7 16. Ne5 Qd8 17. f3 Rc8 18. Bb5 Qf6 19.
Nc6 Bxc6 20. Qxf6 gxf6 21. Bxc6 Rfd8 22. Kf2 Kf8 23. a4 Ke7 24. a5 bxa5 25. Rxa5 Rxc6 26.
dxc6 Rxd1 27. Rxc5 Kd8 28. Ra5 Rc1 29. Rxa7 Ke8 30.
Ra8+ Ke7 31. Rh8 Rxc6 32. Rxh7 Kf8 33. Rh8+ Kg7 34. Ra8 Rc5 35. Ra7 Rh5 36. h3 Rc5 37. g4 f5 38. exf5 exf5 39. Kg3 fxg4 40. hxg4 Kg6 41. Ra6+ f6 42. f4 Kg7 43. Ra7+ Kg6 44.
f5+ Kh6 45. Rf7 Rc6 46. Kf4 Ra6 47. Rxf6+ Rxf6 48. g5+ Kg7 49. gxf6+ Kxf6 50. Ke4 Kf7 51. Ke5 Ke7 52. f6+ Kf7 53. Kf5 Kf8 54. Ke6 Ke8 55. f7+ Kf8 56. Kf6 1/2-1/2

[Event "Early-Titled-Tuesday-Blitz-August-29-2023"]
[Site "Chess.com"]
[Date "2023.08.29"]
[Round "1"]
[White "SAInt_666"]
[Black "Good_Knight_Kiss"]
[Result "1-0"]
[WhiteElo "2680"]
[BlackElo "2364"]
[TimeControl "180+1"]
[EndTime "8:07:25 PDT"]
[Termination "SAInt_666 won on time"]

1. e4 c5 2. Nf3 d6 3. Bb5+ Nd7 4. O-O a6 5. Bxd7+ Bxd7 6. c3 Bc6 7. Re1 Nf6 8. d4 Bxe4 9. Bg5 d5 10. Nbd2 Bf5 11.
Bxf6 gxf6 12. dxc5 e6 13. Nd4 Bg6 14. b4 Bg7 15. h4 h5 16. Nf1 f5 17. Ng3 f4 18.
Ngf5 Bxf5 19. Nxf5 Bxc3 20. Nd6+ Kf8 21. Rc1 Bxe1 22.
Qxe1 Qxh4 23. Nxb7 Rg8 24. f3 Qxe1+ 25. Rxe1 Ke7 26. c6 Rac8 27. Rc1 Rg5 28. a4 d4 29. Kf2 Rd5 30. Ke2 d3+ 31. Kd2 e5 32. Rc4 f5 33.
Na5 Ke6 34. Nb7 Ke7 35. Rc3 e4 36. Rc4 e3+ 37. Kd1 d2 38. Rc1 1-0

[Event "Early-Titled-Tuesday-Blitz-August-29-2023"]
[Site "Chess.com"]
[Date "2023.08.29"]
[Round "1"]
[White "leschebaza"]
[Black "GalaxyRoman"]
[Result "0-1"]
[WhiteElo "2399"]
[BlackElo "2728"]
[TimeControl "180+1"]
[EndTime "8:07:26 PDT"]
[Termination "GalaxyRoman won on time"]

1. Nf3 Nf6 2. c4 c5 3. g3 b6 4. Bg2 Bb7 5. O-O e6 6. b3 Be7 7. Bb2 d5 8. cxd5 Bxd5 9. Nc3 Bb7 10. d4 cxd4 11. Qxd4 Qxd4 12. Nxd4 Bxg2 13. Kxg2 Na6 14. Nc6 Bc5 15. Na4 Nd5 16. Nxc5 Nxc5 17. Bxg7 Rg8 18.
Bb2 Ne4 19. Rfd1 h5 20. h4 f5 21. e3 Rc8 22. Nd4 Kf7 23. Nxf5 Rc2 24. Nh6+ Ke8 25. Nxg8 Rxf2+ 26. Kg1 Rxb2 27. Rd4 Nxg3 28. Rxd5 Ne2+ 29. Kf1 Ng3+ 30. Kg1 exd5 31. Nf6+ Kf7 32.
Nxd5 Ke6 33. Nf4+ Kf5 34. Rc1 Kg4 35. Rc4 Kf3 0-1